Unix NetHack Version 5.0.0-0 post-release - last build Jun 10 2026 00:39:30 (3ee93aec679c4c4259841fe613dc97188e26a321,branch:main).

Game began 2026-06-23 19:14:21, ended 2026-06-23 19:19:42.

DaveT, lawful male human Priest

 -------------
 |...........|
 |...........|
 - ---.--|----
     ################                              --------
      #  #          #####################          |......|        -----
      #  ##                           --.----      .......|       --[++--
 -----#                               |.....|  #   |......|      --"[%[+-/
 |...|#    ------+-                   |.....|######.......-#     |????+*/|
 |...-###  ........                  #.......#     |......|###   |@%?%[/?|
 |...--+-  |......|                  #|.....|#     --------  ####-.+!?/(!|
 |...(..|##....{..|                  #|>....|#                   --+!%![--
 |......|# |......|    #            ##|.....|#                    --(!+--
 |`......##|......|#######         ## -------#                     -----
 -------- #--------#    ######################
          ######## #    #--------#
                 ###    #......<+
                         |...r..|
                         --------

DaveT the Acolyte            St:9 Dx:10 Co:14 In:10 Wi:18 Ch:9  Lawful
Dlvl:2  $:36 HP:0(23) Pw:24(24) AC:6  Xp:3 T:1046 

Latest messages:
 a - a blessed +1 mace (alternate weapon; not wielded).
 There is a locked chest here; force its lock? [ynq] (q) y
 You force your crude dagger into a crack and pry.
 You succeed in forcing the lock.
 What do you want to wield? [- alr or ?*] a
 a - a blessed +1 mace (weapon in right hand).
 l - a crude dagger (alternate weapon; not wielded).
 z - an effervescent potion.
 A - a black onyx ring.
 What do you want to put on? [A or ?*] A
 A - a black onyx ring (on right hand).
 You climb up the stairs.
 You see here 13 gold pieces.
 $ - 13 gold pieces (36 in total).
 That door is closed.
 The door resists!
 The door resists!
 The door opens.
 "Hello, DaveT!  Welcome to Pakka Pakka's general store!"
 You see here a scroll labeled PHOL ENDE WODAN (for sale, 89 zorkmids).
 You see here a scroll labeled ASHPD SODALG (for sale, 133 zorkmids).
 You see here a scroll labeled MAPIRO MAHAMA DIROMAT (for sale, 178 zorkmids).
 You see here a cursed unlabeled scroll (for sale, 107 zorkmids).
 You see here a scroll labeled VELOX NEB (for sale, 400 zorkmids).
 You see here a scroll labeled VAS CORP BET MANI (for sale, 178 zorkmids).
 You see here a cream pie (for sale, 13 zorkmids).
 You see here a potion of water (for sale, 7 zorkmids).
 You see here a leathery spellbook (for sale, 267 zorkmids).
 You see here a rotted studded leather armor (for sale, 33 zorkmids).
 You see here an emerald potion (for sale, 200 zorkmids).
 You see here a scroll labeled ASHPD SODALG (for sale, 133 zorkmids).
 That pair of mud boots is a small mimic!
 You hit the small mimic!
 You miss the small mimic.
 The small mimic hits!
 You miss the small mimic.
 The small mimic hits!
 You miss the small mimic.
 You see here a lock pick (for sale, 27 zorkmids).
 You see here a cram ration (for sale, 47 zorkmids).
 What do you want to zap? [jx or ?*] ?
 In what direction? u
 The magic missile misses the small mimic.
 The magic missile bounces!
 The magic missile hits the small mimic!
 The magic missile hits you!
 You die...
 Pakka Pakka gratefully inherits all your possessions.
 Do you want to see what you had when you died? [ynq] (y) y
 Do you want to see your attributes? [ynq] (y) q

Inventory:
 Coins    ('$')
  $ - 36 gold pieces
 Weapons  (')')
  r - a cursed fireproof -1 boomerang
  l - a +0 orcish dagger (alternate weapon; not wielded)
  a - a blessed +1 mace (weapon in right hand)
 Armor    ('[')
  m - a cursed -2 orcish helm
  c - a +0 small shield (being worn)
  b - a +1 robe (being worn)
 Comestibles  ('%')
  e - a clove of garlic
  f - a sprig of wolfsbane
  t - a lichen corpse
 Scrolls  ('?')
  u - a cursed scroll of enchant weapon
 Spellbooks  ('+')
  s - a spellbook of healing
  g - a spellbook of light
  h - a spellbook of stone to flesh
 Potions  ('!')
  z - a potion of healing
  o - a cursed potion of invisibility
  d - 4 potions of holy water
 Rings    ('=')
  A - a ring of polymorph control (on right hand)
  y - a ring of sustain ability (on left hand)
 Wands    ('/')
  x - a wand of magic missile (0:5)
  j - a wand of probing (0:3)
 Tools    ('(')
  i - a magic marker (0:22)

DaveT the Priest's attributes:

Background:
 You were an Acolyte, a level 3 human Priest.
 You were lawful, on a mission for Anu
 who was opposed by Ishtar (neutral) and Anshar (chaotic).
 You were right-handed.
 You were in the Dungeons of Doom, on level 2.
 You entered the dungeon 1046 turns ago.
 You had 50 experience points, 30 more were needed to attain level 4.

Basics:
 You had 0 out of 23 hit points.
 You had all 24 energy points (spell power).
 Your armor class was 6.
 Your wallet contained 36 zorkmids.
 Autopickup was off.

Final Characteristics:
 Your strength was 9 (peak:13, limit:18/100).
 Your dexterity was 10 (peak:11, limit:18).
 Your constitution was 14 (limit:18).
 Your intelligence was 10 (limit:18).
 Your wisdom was 18 (limit:18).
 Your charisma was 9 (limit:18).

Final Status:
 You weren't hungry.
 You were unencumbered.
 You were wielding a mace.
 You had basic skill with mace.

Final Attributes:
 You were devoutly aligned.
 You were guarded.
 Your spell casting was enhanced by wearing a robe.
 You had polymorph control.
 You had fixed abilities.
 You are dead.

Miscellaneous:
 You didn't encounter any bones levels.
 Total elapsed playing time was 5 minutes and 20 seconds.

Major events:
 Turn
    1: DaveT the lawful human Priest entered the dungeon
  811: attained the rank of Acolyte (level 3)
 1046: killed by a magic missile zapped by himself

Spells:
 Name                 Level Category     Fail Retention
 light                  1   clerical       0%  91%-100%
 stone to flesh         3   healing       74%  76%-100%

Skills:
 Fighting Skills
   bare handed combat [Unskilled]
 Weapon Skills
   club               [Unskilled]
   mace               [Basic]
   morning star       [Unskilled]
   flail              [Unskilled]
   hammer             [Unskilled]
   quarterstaff       [Unskilled]
   polearms           [Unskilled]
   spear              [Unskilled]
   trident            [Unskilled]
   lance              [Unskilled]
   bow                [Unskilled]
   sling              [Unskilled]
   crossbow           [Unskilled]
   dart               [Unskilled]
   shuriken           [Unskilled]
   boomerang          [Unskilled]
   unicorn horn       [Unskilled]
 Spellcasting Skills
   healing spells     [Unskilled]
   divination spells  [Unskilled]
   clerical spells    [Basic]

Voluntary challenges:
 Character rerolling was not enabled.
 You never genocided any monsters.
 You never polymorphed an object.
 You never changed form.
 You used no wishes.
Achievements:
 You attained the rank of Acolyte.
 You entered a shop.

 The Dungeons of Doom: levels 1 to 3
    Level 1:
       Many altars, a fountain.
    Level 2: <- You were here.
       A general store, a fountain.
       Final resting place for
          you, killed by a magic missile zapped by yourself.
    Level 3:
       An altar to Anu.


Vanquished creatures:
  a floating eye
  a giant rat
  3 jackals
  2 kobolds
  a goblin
  4 sewer rats
  2 grid bugs
  3 lichens
  a kobold zombie
  3 newts
21 creatures vanquished.

No species were genocided or became extinct.

Game over:
                       ----------
                      /          \
                     /    REST    \
                    /      IN      \
                   /     PEACE      \
                  /                  \
                  |      DaveT       |
                  |      36 Au       |
                  |   killed by a    |
                  |  magic missile   |
                  |    zapped by     |
                  |     himself      |
                  |       2026       |
                 *|     *  *  *      | *
        _________)/\\_//(\/(/\)/\//\/|_)_______

Goodbye DaveT the Priest...

You died in The Dungeons of Doom on dungeon level 2 with 373 points,
and 36 pieces of gold, after 1046 moves.
You were level 3 with a maximum of 23 hit points when you died.

